 Dungeon Crawl Stone Soup version 0.22.1-1-ga44c0e5 (webtiles) character file.

18526 Anon1729 the Covert (level 12, -13/52 HPs)
             Began as a Spriggan Artificer on Oct 7, 2018.
             Was an Elder of Nemelex Xobeh.
             Killed from afar by Josephine (34 damage)
             ... with a ghostly fireball
             ... on level 13 of the Dungeon.
             The game lasted 01:03:51 (16254 turns).

Anon1729 the Covert (Spriggan Artificer)           Turns: 16254, Time: 01:03:51

Health: -13/52     AC:  3    Str:  8    XL:     12   Next: 28%
Magic:  22/22      EV: 28    Int: 16    God:    Nemelex Xobeh [****..]
Gold:   715        SH:  0    Dex: 18    Spells: 11/11 levels left

rFire    . . .     SeeInvis +   H - +1 short sword (venom)
rCold    + . .     Gourm    .   (shield restricted)
rNeg     . . .     Faith    .   b - +0 robe
rPois    .         Spirit   .   (helmet restricted)
rElec    .         Reflect  .   L - +0 cloak
rCorr    .         Harm     .   (gloves unavailable)
MR       ++...                  (boots unavailable)
Stlth    ++++++....             w - amulet of regeneration
HPRegen  0.57/turn              C - ring of protection from cold
MPRegen  0.18/turn              D - ring of stealth

@: heavily drained, very quick
A: very small, unfitting armour, see invisible, herbivore, speed 3, slow
metabolism 2
a: Triple Draw, Deal Four, Renounce Religion


You were on level 13 of the Dungeon.
You worshipped Nemelex Xobeh.
Nemelex Xobeh was greatly pleased with you.
You were very hungry.

You visited 2 branches of the dungeon, and saw 14 of its levels.

You collected 715 gold pieces.

Inventory:

Hand Weapons
 z - a +0 dagger of venom
 A - a -2 blowgun
 H - a +1 short sword of venom (weapon)
 S - a +1 dagger of protection
Missiles
 c - 8 curare-tipped needles
Armour
 b - a +0 robe (worn)
 L - a +0 cloak (worn)
Jewellery
 j - an uncursed ring of resist corrosion
 w - an amulet of regeneration (around neck)
 C - a ring of protection from cold (left hand)
 D - a ring of stealth (right hand)
 O - an uncursed ring of protection from fire
Wands
 d - a wand of enslavement (14)
 e - a wand of random effects (20)
 t - a wand of polymorph (8)
 N - a wand of digging (7)
Scrolls
 a - a scroll of silence {unknown}
 h - 3 scrolls of enchant weapon
 k - 3 scrolls of fear
 n - 6 scrolls of teleportation
 o - 2 scrolls of enchant armour
 s - 7 scrolls of remove curse
 u - 3 scrolls of fog
 x - 2 scrolls of amnesia
 y - 2 scrolls of identify
 B - 3 scrolls of magic mapping {unknown}
 E - a scroll of blinking {unknown}
 K - 3 scrolls of immolation {unknown}
 Q - a scroll of torment {unknown}
Potions
 g - a potion of lignification {unknown}
 i - 2 potions of haste {unknown}
 l - 4 potions of resistance
 m - 5 potions of heal wounds
 p - a potion of degeneration {unknown}
 q - a potion of magic {unknown}
 r - 2 potions of brilliance
 v - a potion of might {unknown}
 G - 7 potions of curing
 I - a potion of mutation {unknown}
 J - 2 potions of flight {unknown}
Miscellaneous
 F - a lightning rod (inert)
 P - a plain deck of destruction {drawn: 2}
 R - an ornate deck of destruction
Comestibles
 f - 24 rations


   Skills:
 - Level 0.7(0.0) Fighting
 + Level 7.7(5.8) Short Blades
 * Level 14.0(11.7) Dodging
 * Level 14.7(12.4) Stealth
 * Level 8.4(6.5) Invocations
 * Level 13.2(11.0) Evocations


You had 11 spell levels left.
You didn't know any spells.
Your spell library contained the following spells:

 Spells                   Type           Power        Failure   Level  Hunger
 Apportation              Tloc           #.....       26%         1    ##.....
 Beastly Appendage        Tmut           #.....       26%         1    ##.....
 Summon Butterflies       Summ           #.......     26%         1    ##.....
 Sticks to Snakes         Tmut           #.......     36%         2    ###....
 Lesser Beckoning         Tloc           #.........   58%         3    ####...
 Spider Form              Tmut/Pois      #.........   58%         3    ####...
 Tukima's Dance           Hex            #.......     58%         3    ####...
 Ice Form                 Ice/Tmut       #.......     94%         4    #####..
 Alistair's Intoxication  Tmut/Pois      #.......     100%        5    ######.
 Blade Hands              Tmut           #.........   100%        5    ######.
 Invisibility             Hex            #.......     100%        6    #######


Dungeon Overview and Level Annotations

Branches:
Dungeon (13/15)            Temple (1/1) D:6            Lair (0/6) D:8
    Orc (0/2) D:9
 Vaults: D:13-14

Altars:
Ashenzari
Cheibriados
Dithmenos
Elyvilon
Fedhas
Gozag
Hepliaklqana
Kikubaaqudgha
Makhleb
Nemelex Xobeh
Okawaru
Qazlal
Ru
Sif Muna
Trog
Uskayaw
Vehumet
Wu Jian
Xom
Yredelemnul
Zin
The Shining One

Shops:
D:10 }

Annotations:
D:13 Josephine


Innate Abilities, Weirdness & Mutations

You are very small and have problems with some larger weapons.
You are too small for most types of armour.
You have supernaturally acute eyesight. (SInv)
You are a herbivore.
You cover ground extremely quickly.
You need to consume almost no food.


Message History

A wraith comes into view.
Unknown command.
You feel much better. Josephine hits you with a dagger!
A wraith comes into view.
Okay, then.
Evoke which item? (* to show all) (? for menu, Esc to quit)
Okay, then.
You fail to use your ability.
Josephine casts a spell at you.
The ghostly flame explodes!
The ghostly fireball engulfs you!
You feel drained.
* * * LOW HITPOINT WARNING * * *
The ghostly fireball engulfs Josephine.
Josephine completely resists.
Unknown command.
Okay, then.
You feel much better. Josephine casts a spell at you.
The ghostly flame explodes!
The ghostly fireball engulfs you!
You feel drained.
Ouch! That really hurt!
You die...
Your body disappears without a glow.

#.###<......#
#.####...#####..# #......##
##...## ### #F.###.## #.....#
..##.##.##.# #.....# #.###.#
#.# #.....###### #.#..# #.#
##.........# #
####.#.###.#######.######.###
#....#......@@WW....[.......#
#.####..#######W##.######.#.#
#.# #..# #§##.# #.#.#
#####.####..# #§##.# #....
............# #@##.# ###.#
#####.#####.# #.##.# #.# #.#
#.# #.##.# #.. #.# #.# #W##..
### #)# #.# ### ...


You could see Josephine and 3 wraiths.

Vanquished Creatures
  2 hydras
  A centaur warrior (D:13)
  A two-headed ogre (D:9)
  Urug (D:11)
  Sonja (D:12)
  2 unseen horrors
  A necromancer (D:11)
  A deep elf mage (D:12)
  A cyclops (D:11)
  2 centaur zombies
  An elephant (D:13)
  2 gargoyles
  A troll (D:8)
  3 wolves (D:8)
  A hornet (D:12)
  2 hippogriffs
  Prince Ribbit (D:5)
  8 yaks
  A wyvern (D:13)
  6 ogres
  2 vampire mosquitoes (D:13)
  2 water moccasins
  7 orc warriors
  3 phantoms
  5 sky beasts
  A black bear (D:9)
  A crocodile (D:10)
  A centaur (D:9)
  6 big kobolds
  9 bullfrogs
  A gnoll sergeant (D:8)
  A wyvern zombie (D:9)
  2 scorpions
  9 wights
  19 killer bees
  4 electric eels (D:8)
  A crimson imp (D:13)
  A hound (D:8)
  A bullfrog zombie (D:11)
  7 orc priests
  4 jellies
  13 orc wizards
  A centaur skeleton (D:12)
  3 iguanas
  9 worker ants
  5 yak simulacra (D:11)
  3 wolf simulacra (D:11)
  3 gnolls (D:8)
  6 adders
  3 shadow imps
  An ooze (D:7)
  An adder skeleton (D:8)
  A worm (D:4)
  5 leopard geckos
  51 orcs
  2 bats
  6 giant cockroaches
  3 hobgoblins
  17 jackals
  25 kobolds
  3 quokkas
  4 ball pythons
  6 frilled lizards
  8 goblins
  A jackal skeleton (D:4)
  A leopard gecko skeleton (D:5)
  A quokka skeleton (D:7)
  6 rats
  A river rat simulacrum (D:11)
315 creatures vanquished.

Vanquished Creatures (collateral kills)
  A kobold demonologist (D:13)
  2 hippogriffs (D:12)
  A snapping turtle (D:12)
  2 dream sheep (D:9)
  5 yaks
  A water moccasin (D:13)
  An orc warrior (D:8)
  A bullfrog (D:12)
  A scorpion (D:5)
  A water moccasin skeleton (D:8)
  4 killer bees (D:8)
  A crimson imp (D:8)
  A jelly (D:8)
  3 orc wizards
  2 orc priests (D:5)
  2 hounds (D:8)
  10 orcs
  3 kobolds (D:13)
42 creatures vanquished.

Vanquished Creatures (others)
  A hornet (D:12)
  A shadow (D:12)
  A wraith (D:13)
  A wyvern (D:13)
  2 vampire mosquitoes (D:13)
  A soldier ant (D:12)
  A crocodile (D:12)
  A jelly (D:12)
  A hound (D:4)
  A ball lightning (D:13)
11 creatures vanquished.

Grand Total: 368 creatures vanquished

Notes
Turn   | Place    | Note
-------+----------+-------------------------------------------
     0 | D:1      | Anon1729 the Spriggan Artificer began the quest for the
                  | Orb.
     0 | D:1      | Reached XP level 1. HP: 9/9 MP: 4/4
   293 | D:1      | Reached XP level 2. HP: 13/14 MP: 6/6
   810 | D:2      | Reached XP level 3. HP: 14/17 MP: 7/7
  1952 | D:3      | Reached XP level 4. HP: 21/21 MP: 8/8
  2857 | D:3      | Reached skill level 5 in Evocations
  3754 | D:4      | Reached XP level 5. HP: 25/25 MP: 8/10
  3888 | D:4      | Reached skill level 5 in Dodging
  4059 | D:4      | Noticed a sky beast
  4066 | D:4      | Found a sacrificial altar of Ru.
  4205 | D:4      | Killed a sky beast
  4205 | D:4      | Reached skill level 5 in Stealth
  4205 | D:4      | Reached XP level 6. HP: 29/29 MP: 11/11
  4211 | D:5      | Entered Level 5 of the Dungeon
  4211 | D:5      | Found a shadowy altar of Dithmenos.
  4216 | D:5      | Noticed Prince Ribbit
  4238 | D:5      | Killed Prince Ribbit
  4347 | D:5      | Reached XP level 7. HP: 31/32 MP: 12/12
  4600 | D:4      | Found a white marble altar of Elyvilon.
  4633 | D:4      | Found a glowing golden altar of the Shining One.
  4640 | D:4      | Found an ancient bone altar of Kikubaaqudgha.
  5784 | D:6      | Reached XP level 8. HP: 37/37 MP: 14/14
  6398 | D:6      | Found a snail-covered altar of Cheibriados.
  6414 | D:6      | Found a staircase to the Ecumenical Temple.
  6423 | Temple   | Entered the Ecumenical Temple
  6587 | Temple   | Became a worshipper of Nemelex Xobeh the Trickster
  6713 | D:6      | Received a gift from Nemelex Xobeh
  6883 | D:6      | Reached skill level 1 in Invocations
  7707 | D:7      | Reached * piety under Nemelex Xobeh
  7749 | D:7      | Found a hide-covered altar of Uskayaw.
  8081 | D:7      | Reached XP level 9. HP: 30/37 MP: 16/16
  8629 | D:8      | Reached skill level 10 in Stealth
  8748 | D:8      | Found a staircase to the Lair.
  8767 | D:8      | Reached skill level 5 in Short Blades
  8767 | D:8      | Reached skill level 10 in Dodging
  9295 | D:8      | Reached skill level 10 in Evocations
  9503 | D:8      | Noticed a troll
  9513 | D:8      | Killed a troll
  9513 | D:8      | Reached XP level 10. HP: 41/41 MP: 18/18
  9824 | D:9      | Found a bloodstained altar of Trog.
 10039 | D:8      | Reached skill level 5 in Invocations
 10067 | D:9      | Reached ** piety under Nemelex Xobeh
 10166 | D:9      | Found a staircase to the Orcish Mines.
 10336 | D:9      | Noticed a two-headed ogre
 10346 | D:9      | Killed a two-headed ogre
 10754 | D:9      | Noticed a three-headed hydra
 10758 | D:9      | Killed a three-headed hydra
 10842 | D:10     | Entered Level 10 of the Dungeon
 10867 | D:10     | Found a shimmering altar of Xom.
 10876 | D:10     | Found a shimmering altar of Xom.
 10877 | D:10     | Found a shimmering altar of Xom.
 10878 | D:10     | Found a shimmering altar of Xom.
 10878 | D:10     | Found a shimmering altar of Xom.
 10878 | D:10     | Found a shimmering altar of Xom.
 10878 | D:10     | Found a shimmering altar of Xom.
 10878 | D:10     | Found a shimmering altar of Xom.
 10879 | D:10     | Found a shimmering altar of Xom.
 10885 | D:10     | Found a shimmering altar of Xom.
 11158 | D:10     | Reached *** piety under Nemelex Xobeh
 11366 | D:10     | Found Wiphoxt's Gadget Shoppe.
 11402 | D:10     | Received a gift from Nemelex Xobeh
 11458 | D:10     | Noticed an unseen horror
 11463 | D:10     | Killed an unseen horror
 11463 | D:10     | Reached XP level 11. HP: 45/45 MP: 20/20
 12216 | D:11     | Received a gift from Nemelex Xobeh
 12385 | D:11     | Reached **** piety under Nemelex Xobeh
 12452 | D:11     | Noticed Urug
 12460 | D:11     | Killed Urug
 12711 | D:11     | Received a gift from Nemelex Xobeh
 12844 | D:11     | Noticed a five-headed hydra
 12920 | D:11     | Killed a five-headed hydra
 13457 | D:11     | Noticed a necromancer
 13479 | D:11     | Killed a necromancer
 14525 | D:12     | Noticed Sonja
 14543 | D:12     | Killed Sonja
 14998 | D:13     | Noticed a two-headed ogre
 15002 | D:13     | Noticed a deep elf mage
 15129 | D:12     | a two-headed ogre changed into a snapping turtle
 15451 | D:12     | Killed a deep elf mage
 15534 | D:13     | Reached XP level 12. HP: 39/49 MP: 22/22
 15847 | D:13     | Received a gift from Nemelex Xobeh
 15935 | D:13     | Noticed a centaur warrior
 15943 | D:13     | Killed a centaur warrior
 16239 | D:13     | Noticed Josephine
 16253 | D:13     | HP: 2/52 [Josephine/ghostly fireball (16)]
 16254 | D:13     | Killed from afar by Josephine

Skill      XL: |  1  2  3  4  5  6  7  8  9 10 11 12 |
---------------+-------------------------------------+-----
Stealth        | 2 3 4 5 6 7 9 11 12 14 | 14.7
Dodging        | 4 5 6 7 9 10 12 13 14 | 14.0
Evocations     | 5 6 7 9 10 11 12 13 | 13.2
Short Blades   | 2 3 4 5 6 7 |  7.7
Invocations    | 2 4 6 8 |  8.4
Fighting       | |  0.7

Action                   |  1- 3 |  4- 6 |  7- 9 | 10-12 || total
-------------------------+-------+-------+-------+-------++-------
Melee: Short sword       |   161 |   215 |     9 |   171 ||   556
       Dagger            |       |       |   562 |   707 ||  1269
Evoke: Wand              |     2 |    11 |    42 |    62 ||   117
       Deck              |       |       |     2 |    30 ||    32
       Lightning rod     |       |       |       |     5 ||     5
  Use: Potion            |     1 |       |       |     3 ||     4
       Scroll            |       |       |    13 |     4 ||    17
 Stab: Sleeping          |     9 |     5 |    14 |    27 ||    55
       Confused          |       |     4 |       |     1 ||     5
       Paralysed         |       |     2 |     2 |     7 ||    11
       Distracted        |       |       |     2 |     4 ||     6
  Eat: Ration            |       |       |     3 |     4 ||     7
Armor: Robe              |    13 |    16 |    19 |    29 ||    77
Dodge: Dodged            |   156 |   200 |   460 |   596 ||  1412
